Map: Pillars of Gold LE

Players

Denver

  • Race: Zerg Zerg
  • League: Master
  • Spawn Location: 1:00

SKillous - Winner!

  • Race: Protoss Protoss
  • League: Grandmaster
  • Spawn Location: 7:00

Event: DreamHack SC2 Masters 2020 Winter

VOD

Have the link to the VOD?

Description

Time

  • Played on: Nov. 5, 2020, 12:36 p.m.
  • Length: 11:42

All games in this series

Show
View Real Time Build Order
Export as new Build Order

Denver Zerg 

Build Orders: Hatch First 

Get SALT Encoding   

  12  0:00  Drone  
  13  0:13  Overlord  
  13  0:17  Drone  
  14  0:32  Drone x2  
  16  0:50  Hatchery  
  16  0:53  Drone  
  16  0:58  Drone  
  16  1:01  Drone  
  18  1:13  Extractor  
  17  1:19  Spawning Pool  
  17  1:22  Drone  
  17  1:29  Drone  
  18  1:37  Drone  
  19  1:41  Drone  
  20  1:52  Overlord  
  20  2:06  Queen  
  22  2:10  Queen  
  22  2:13  Drone  
  25  2:18  Zergling x2  
  25  2:20  Zergling x2  
  27  2:23  Drone  
  27  2:26  Drone  
  27  2:29  Drone  
  30  2:34  Metabolic Boost  
  30  2:51  Hatchery  
  29  2:53  Drone  
  29  2:55  Drone  
  31  3:00  Overlord  
  31  3:03  Drone  
  32  3:07  Drone x2  
  32  3:10  Drone  
  32  3:12  Drone  
  36  3:18  Overlord  
  36  3:20  Drone  
  36  3:21  Drone  
  36  3:25  Drone  
  39  3:28  Overlord  
  39  3:30  Drone  
  40  3:36  Queen  
  40  3:39  Drone  
  40  3:40  Drone  
  44  3:47  Drone x3  
  47  3:52  Roach Warren  
  47  3:54  Drone  
  47  3:56  Drone, Extractor  
  47  3:58  Drone  
  47  4:00  Drone  
  49  4:06  Queen  
  49  4:09  Overlord  
  51  4:14  Zergling x6  
  54  4:23  Drone, Spore Crawler  
  54  4:24  Drone x3, Spore Crawler  
  58  4:26  Spore Crawler  
  58  4:28  Drone  
  58  4:31  Drone  
  58  4:33  Lair  
  58  4:37  Drone x2  
  60  4:44  Drone x2  
  60  4:51  Drone x4  
  63  4:53  Roach Warren  
  63  4:57  Drone  
  63  4:58  Drone  
  63  4:59  Drone  
  63  5:00  Overlord  
  63  5:04  Drone x3  
  64  5:08  Extractor  
  64  5:09  Overlord  
  64  5:12  Drone  
  64  5:13  Overlord  
  64  5:19  Evolution Chamber  
  63  5:22  Drone x3  
  63  5:24  Overlord x2  
  63  5:27  Queen  
  68  5:29  Spore Crawler  
  68  5:30  Drone x2  
  67  5:36  Drone x4  
  67  5:38  Extractor  
  67  5:41  Zergling x6  
  73  5:44  Drone  
  73  5:46  Zerg Melee Weapons Level 1  
  73  5:47  Extractor x2  
  72  5:51  Drone x4  
  72  5:56  Drone x3  
  79  5:59  Baneling Nest  
  77  6:06  Drone x5  
  80  6:13  Drone x5  
  80  6:18  Overseer  
  85  6:19  Hatchery  
  85  6:20  Overlord  
  85  6:24  Pneumatized Carapace  
  84  6:26  Overlord  
  84  6:29  Overlord  
  84  6:32  Roach x2  
  87  6:38  Roach x4  
  95  6:40  Overlord  
  95  6:45  Roach x3  
  101  6:49  Centrifical Hooks  
  101  6:51  Roach x2  
  101  6:54  Ravager x2  
  107  6:55  Overlord  
  107  6:59  Roach x3  
  113  7:03  Roach x2  
  113  7:04  Roach  
  119  7:12  Roach x5  
  119  7:13  Overlord  
  127  7:16  Overlord  
  127  7:20  Ravager x3  
  127  7:21  Glial Reconstitution  
  130  7:24  Overlord x2  
  130  7:28  Overlord  
  130  7:31  Overlord x2  
  130  7:37  Roach x4  
  130  7:39  Ravager x4  
  130  7:43  Roach  
  130  7:44  Roach x2  
  148  7:51  Zerg Melee Weapons Level 2  
  148  7:53  Drone x6  
  148  7:58  Drone x5  
  159  8:06  Zergling x12  
  165  8:15  Zergling x14  
  165  8:19  Overseer  
  172  8:20  Overlord  
  172  8:24  Overlord  
  172  8:28  Overlord  
  172  8:29  Infestation Pit  
  172  8:30  Baneling x2, Hatchery  
  172  8:31  Baneling x9  
  172  8:33  Overlord  
  170  8:38  Overlord x2  
  170  8:45  Zergling x22  
  181  8:48  Drone  
  181  8:49  Extractor  
  181  8:53  Baneling x11  
  179  9:03  Zergling x6  
  179  9:04  Zergling x10  
  179  9:08  Hive  
  187  9:10  Zergling x4  
  187  9:11  Baneling  
  187  9:12  Baneling x7  
  188  9:24  Baneling x22  
  188  9:25  Baneling x6  
  188  9:27  Zergling x14  
  193  9:46  Zergling x14  
  190  9:54  Zergling x22  
  190  9:58  Spire  
  199  10:00  Zergling x4  
  198  10:13  Zergling x24  
  198  10:14  Roach  
  197  10:19  Baneling x23  
  175  10:29  Zergling x8  
  166  10:44  Zergling x26  
  166  10:45  Roach x2  
  163  10:54  Zergling x12  
  145  10:58  Roach x3  
  139  11:07  Roach  
  139  11:08  Roach x5  
  129  11:12  Roach  
  129  11:13  Roach x2  
  121  11:19  Roach x3  
  121  11:20  Roach x2  
Show
View Real Time Build Order
Export as new Build Order

SKillous Protoss - Winner!

Build Orders: 1 Gate Expand, Oracle Opening, Archon Immortal 

Get SALT Encoding   

  12  0:00  Probe  
  13  0:12  Probe  
  14  0:23  Pylon  
  14  0:24  Probe  
  15  0:41  Gateway, Probe (Chrono Boost)  
  16  0:51  Assimilator, Probe (Chrono Boost)  
  16  0:56  Probe (Chrono Boost)  
  18  1:07  Probe  
  19  1:16  Pylon  
  19  1:20  Probe  
  20  1:29  Nexus  
  20  1:40  Cybernetics Core  
  20  1:43  Probe  
  21  1:50  Assimilator  
  21  1:55  Probe  
  21  1:59  Pylon  
  22  2:08  Probe  
  23  2:15  Stalker (Chrono Boost)  
  23  2:16  Warp Gate  
  23  2:20  Probe (Chrono Boost)  
  27  2:30  Probe (Chrono Boost)  
  27  2:33  Stargate  
  27  2:35  Probe (Chrono Boost)  
  28  2:41  Adept  
  30  2:45  Probe (Chrono Boost)  
  32  2:53  Probe (Chrono Boost)  
  32  2:54  Probe (Chrono Boost)  
  33  2:59  Probe  
  33  3:00  Probe  
  35  3:11  Probe  
  35  3:12  Gateway, Probe  
  37  3:14  Oracle (Chrono Boost)  
  40  3:23  Probe  
  40  3:24  Probe  
  42  3:29  Pylon  
  42  3:36  Probe x2  
  44  3:42  Assimilator  
  44  3:44  Oracle (Chrono Boost)  
  44  3:48  Probe x2  
  48  3:52  Pylon  
  48  3:55  Robotics Facility  
  49  4:00  Assimilator, Probe x2  
  51  4:11  Void Ray (Chrono Boost)  
  51  4:12  Probe x2  
  57  4:26  Nexus  
  57  4:27  Probe  
  57  4:29  Pylon  
  58  4:32  Probe  
  58  4:36  Pylon  
  59  4:39  Probe  
  59  4:44  Observer  
  61  4:50  Adept x2  
  63  4:56  Probe  
  64  5:00  Shield Battery, Probe  
  61  5:08  Probe, Immortal  
  61  5:09  Pylon  
  61  5:13  Forge  
  61  5:14  Twilight Council  
  66  5:16  Probe  
  67  5:21  Adept x2  
  67  5:23  Probe  
  67  5:28  Probe  
  73  5:35  Probe  
  74  5:39  Protoss Ground Weapons Level 1 (Chrono Boost)  
  74  5:41  Probe x2  
  76  5:43  Sentry x2  
  80  5:50  Probe  
  80  5:51  Immortal  
  80  5:56  Gateway x2  
  86  5:57  Probe  
  86  5:58  Assimilator  
  86  6:05  Probe  
  86  6:07  Probe  
  86  6:09  Probe  
  86  6:10  Gateway  
  85  6:15  Gateway  
  85  6:16  Gateway x2  
  85  6:18  Probe  
  86  6:19  Probe  
  86  6:21  Assimilator  
  86  6:22  Assimilator, Charge (Chrono Boost)  
  87  6:31  Warp Prism (Chrono Boost), Probe  
  92  6:37  Pylon  
  92  6:38  Pylon  
  90  6:42  Templar Archives  
  90  6:43  Probe  
  90  6:45  Photon Cannon  
  91  6:51  Zealot x3  
  97  6:54  Probe x2  
  97  6:55  Pylon  
  99  7:02  Zealot  
  105  7:08  Immortal  
  105  7:17  Zealot x5  
  115  7:24  Pylon  
  115  7:25  Probe  
  115  7:28  High Templar x2  
  115  7:29  Zealot  
  122  7:32  Archon, Pylon, Protoss Ground Weapons Level 2 (Chrono Boost)  
  122  7:38  High Templar  
  122  7:41  Pylon  
  124  7:45  High Templar x2  
  128  7:54  High Templar  
  128  7:57  Shield Battery  
  130  7:58  Shield Battery  
  130  8:00  Pylon, Immortal (Chrono Boost)  
  130  8:02  Archon  
  134  8:06  Probe  
  134  8:11  Archon  
  135  8:14  Psionic Storm  
  135  8:19  Zealot x4  
  143  8:22  Nexus  
  143  8:23  Pylon  
  143  8:28  High Templar x2  
  143  8:32  Immortal (Chrono Boost)  
  147  8:39  Stalker  
  147  8:40  Zealot x2  
  155  8:49  Shield Battery  
  155  8:51  Pylon  
  155  8:54  Fleet Beacon  
  155  9:00  Zealot x5  
  165  9:07  Immortal (Chrono Boost)  
  167  9:22  High Templar x2  
  169  9:25  High Templar  
  169  9:34  Assimilator  
  169  9:35  High Templar  
  171  9:38  Assimilator  
  171  9:42  Zealot x2  
  171  9:43  Zealot x2  
  177  9:46  Immortal  
  169  10:02  Zealot x5  
  169  10:06  Zealot x2  
  179  10:09  Probe x2  
  143  10:29  Zealot x8  
  143  10:31  Immortal  
  131  10:57  Archon x3  
  131  10:59  Zealot x8  
  131  11:02  Probe x3  
  126  11:22  Zealot x3  
  126  11:23  Zealot x5  
Tags
 
Add a new tag
Caveats
  • Supply blocks, unpowered buildings, or Contaminate may cause inaccurate times.
  • Supply counts are checked every 10 seconds.